 Dungeon Crawl Stone Soup version 0.29.1-12-g30fa7ad0bf (webtiles) character file.

Game seed: 3717690987781164697

3639 hawla the Thaumaturge (level 10, -7/74 HPs)
             Began as a Meteoran Fire Elementalist on Jan 2, 2023.
             Engulfed by a steam dragon's steam (10 damage)
             ... on level 9 of the Dungeon.
             The game lasted 00:11:45 (2416 turns).

hawla the Thaumaturge (Meteoran Fire Elementalist)  Turns: 2416, Time: 00:11:45

Health: -7/74      AC:  2    Str: 11      XL:     10   Next: 59%
Magic:  23/23      EV: 19    Int: 19 (20) God:
Gold:   147        SH:  0    Dex: 21      Spells: 22/29 levels left

rFire   . . .      SeeInvis .   l - +3 falchion (freeze)
rCold   . . .      Faith    .   (no shield)
rNeg    . . .      Spirit   .   a - +0 robe
rPois   .          Reflect  .   (no helmet)
rElec   .          Harm     .   (no cloak)
rCorr   .          Rampage  .   (no gloves)
Will    +....                   (no boots)
Stlth   +.........              (no amulet)
HPRegen 0.22/turn               g - +6 ring of dexterity
MPRegen 0.18/turn               f - +4 ring of evasion

@: glowing
A: sense surroundings 2, otherworldly, glowing, explore regen, claws 1,
deterioration 1, low MP 1
a: no special abilities


You were on level 9 of the Dungeon.
You visited 1 branch of the dungeon, and saw 7 of its levels.

You collected 147 gold pieces.

Inventory:

Hand Weapons
 l - a +3 falchion of freezing (weapon)
Armour
 a - a +0 robe (worn)
Jewellery
 e - a +6 ring of strength
 f - a +4 ring of evasion (right claw)
 g - a +6 ring of dexterity (left claw)
 h - a ring of flight
 q - a ring of willpower
Wands
 i - a wand of quicksilver (5)
Scrolls
 k - a scroll of teleportation
 m - a scroll of brand weapon
 n - a scroll of amnesia {unknown}
 p - a scroll of torment {unknown}
Potions
 c - a potion of lignification
 j - a potion of flight {unknown}
 o - a potion of invisibility {unknown}


   Skills:
 + Level 2.3 Fighting
 + Level 4.2 Long Blades
 + Level 5.0 Dodging
 - Level 1.4 Stealth
 + Level 10.4 Spellcasting
 + Level 6.6 Conjurations
 + Level 10.3 Fire Magic


You had 22 spell levels left.
You knew the following spells:

 Your Spells              Type           Power      Damage    Failure   Level
a - Foxfire               Conj/Fire      100%       2x1d9     1%          1
b - Scorch                Fire           98%        2d10      1%          2
c - Flame Wave            Conj/Fire      42%        2d11      2%          4

Your spell library contained the following spells:

 Spells                   Type           Power      Damage    Failure   Level
 Conjure Flame            Conj/Fire      42%        6-21      1%          3
 Inner Flame              Hex/Fire       29%        N/A       2%          3
 Slow                     Hex            36%        N/A       7%          1
 Confusing Touch          Hex            9%         N/A       22%         3
 Vampiric Draining        Necr           9%         2d6       22%         3
 Animate Armour           Summ/Erth      18%        N/A       56%         4
 Yara's Violent Unravell  Hex/Tmut       4%         3d4       89%         5
 Enfeeble                 Hex            4%         N/A       100%        7
 Lehudib's Crystal Spear  Conj/Erth      11%        10d4      100%        8


Dungeon Overview and Level Annotations

Branches:
Dungeon (6/15) Zot: 1741
 Temple: D:4-7

Altars:

Shops:
D:5 (


Innate Abilities, Weirdness & Mutations

You passively map the area around you.
You are easily found by Zot.
You glow in the dark.
You regain HP and MP as you explore.
You have sharp fingernails.
Your body sometimes deteriorates upon taking damage.
Your magical capacity is low. (-10% MP)


Message History

Confirm with . or Enter, or press ? or * to list all spells.
Flames lash the steam dragon.
The steam dragon is moderately wounded.
The steam dragon's fire resistance burns away.
The steam dragon breathes steam at you. The ball of steam hits you!!
* * * LOW HITPOINT WARNING * * *
You feel better.
You are engulfed in a cloud of scalding steam.
* * * LOW HITPOINT WARNING * * *
Okay, then.
Okay, then.
You are confused.
You feel invigorated.
You bump into the rock wall.
The steam dragon is no longer more vulnerable to fire.
The steam dragon breathes steam at you. The ball of steam hits you!
* * * LOW HITPOINT WARNING * * *
Your body deteriorates!
You feel dopey.
You bump into the rock wall.
The steam dragon barely misses you. x2
You slash the steam dragon! You freeze the steam dragon.
The steam dragon is severely wounded.
You feel less invigorated.
You feel less confused. The steam dragon closely misses you.
The steam dragon claws you.
* * * LOW HITPOINT WARNING * * *
You hit the steam dragon. You freeze the steam dragon.
The steam dragon is almost dead.
The steam dragon breathes steam at you. The ball of steam hits you!
* * * LOW HITPOINT WARNING * * *
The steam dragon attacks as you move away!
The steam dragon bites you.
* * * LOW HITPOINT WARNING * * *
The steam dragon completely misses you.
You closely miss the steam dragon.
The steam dragon is almost dead.
You are engulfed in a cloud of scalding steam.
You die...

** #.#
, * #.#
* ,, ,
#.# * *
,, ,*
#W# *
*,* #.#
* * ,
#.# , *
* *
####.##
, , ,
#.DW..#
*
#@###.#
... **
#.# #.#
... *
#.###)#
*#.# *
#..)))#
#.#
###.###
#.#
####.#
#.#
#....#
####.#
#.####
.....#
#.#


You could see a wraith and a steam dragon.

Vanquished Creatures
  6 yaks (D:9)
  A wyvern (D:9)
  A steam dragon (D:6)
  An acid dragon (D:9)
  A black bear (D:5)
  An orc warrior (D:6)
  An ice beast (D:5)
  5 ogres
  2 centaurs
  2 kobold brigands (D:9)
  A gnoll sergeant (D:5)
  3 bullfrogs
  A scorpion (D:5)
  8 wights
  4 howler monkeys
  2 jellies
  3 hounds
  2 orc priests (D:4)
  5 iguanas
  2 orc wizards (D:6)
  3 gnolls (D:5)
  3 adders
  3 worms
  A dart slug (D:1)
  14 orcs
  3 ball pythons
  2 giant cockroaches
  4 goblins
  3 hobgoblins
  2 jackals (D:4)
  3 quokkas
  3 bats
  A frilled lizard (D:2)
  14 kobolds
  2 rats (D:1)
113 creatures vanquished.

Vanquished Creatures (others)
  121 foxfires
121 creatures vanquished.

Grand Total: 234 creatures vanquished

Notes
Turn   | Place    | Note
-------+----------+-------------------------------------------
     0 | D:1      | hawla the Meteoran Fire Elementalist began the quest for
                  | the Orb.
     0 | D:1      | Reached XP level 1. HP: 14/14 MP: 5/5
   120 | D:1      | Reached XP level 2. HP: 20/20 MP: 3/6
   123 | D:1      | Learned a level 2 spell: Scorch
   268 | D:2      | Reached XP level 3. HP: 26/26 MP: 2/8
   432 | D:3      | Reached XP level 4. HP: 33/33 MP: 1/10
   439 | D:3      | Learned a level 4 spell: Flame Wave
   530 | D:4      | Reached XP level 5. HP: 19/38 MP: 0/11
   710 | D:4      | Noticed an ogre
   715 | D:4      | Reached XP level 6. HP: 24/45 MP: 6/12
   716 | D:4      | Killed an ogre
   717 | D:4      | Reached skill level 5 in Conjurations
   717 | D:4      | Reached skill level 5 in Fire Magic
   724 | D:4      | Reached XP level 7. HP: 31/50 MP: 6/14
  1012 | D:5      | Entered Level 5 of the Dungeon
  1020 | D:5      | Reached skill level 5 in Spellcasting
  1053 | D:5      | Reached XP level 8. HP: 47/58 MP: 5/17
  1075 | D:5      | Reached skill level 1 in Fighting
  1301 | D:5      | Gained mutation: You passively map the area around you.
                  | [Meteoran growth]
  1301 | D:5      | Reached XP level 9. HP: 44/64 MP: 6/21
  1323 | D:5      | Gained mutation: Your magical capacity is low. (-10% MP)
                  | [potion of mutation]
  1323 | D:5      | Gained mutation: Your body sometimes deteriorates upon
                  | taking damage. [potion of mutation]
  1323 | D:5      | Gained mutation: You have sharp fingernails. [potion of
                  | mutation]
  1391 | D:5      | Found Kesiyg's Weapon Shop.
  2111 | D:6      | You fall into a shaft and drop 3 floors!
  2182 | D:9      | Got the Secrets of Embers and Metal
  2220 | D:9      | Reached skill level 1 in Long Blades
  2269 | D:9      | Reached XP level 10. HP: 30/72 MP: 16/22
  2389 | D:9      | Reached skill level 10 in Spellcasting
  2392 | D:9      | Reached skill level 10 in Fire Magic
  2396 | D:9      | Reached skill level 5 in Dodging
  2415 | D:9      | HP: 3/74 [steam dragon (6)]
  2416 | D:9      | Engulfed by a steam dragon's steam

Illustrated notes

Levels and vault maps discovered:
D:1:      ncdulo_wetmaze, layout_loops_ring, shapermc_ecumenical_altar_pompeii
D:2:      layout_rooms
D:3:      layout_rooms, nicolae_overflow_hidden_temple,
          nemelex_diamond_rough_becter, serial_shops, nicolae_lakefront_shop,
          chequers_serial_rivers_small_a, minmay_misc_feat_columns,
          minmay_door_square, kennysheep_flooded_box, serial_bayou_pond_d,
          nicolae_shop_vocational, uniq_grinder
D:4:      layout_basic
D:5:      kb_forest_paths, layout_basic, serial_shops, kennysheep_mini_moat,
          serial_rivers, chequers_serial_rivers_marsh,
          chequers_serial_rivers_marsh, chequers_serial_rivers_micro_a,
          chequers_serial_rivers_large_b, chequers_serial_rivers_micro_d
D:6:      layout_cave_pools
D:9:      layout_loops_ring

Skill      XL: |  1  2  3  4  5  6  7  8  9 10 |
---------------+-------------------------------+-----
Fire Magic     | 4 5 6 7 9 10 | 10.3
Spellcasting   | 3 4 5 7 9 10 | 10.4
Conjurations   | 3 4 5 6 |  6.6
Dodging        | 3 5 |  5.0
Fighting       | 1 2 |  2.3
Long Blades    | 2 4 |  4.2
Stealth        | |  1.4

Action                   |  1- 3 |  4- 6 |  7- 9 | 10-12 || total
-------------------------+-------+-------+-------+-------++-------
Melee: Unarmed           |    14 |     3 |     2 |       ||    19
       Punch             |     1 |       |     1 |       ||     2
       Falchion          |       |       |    34 |     9 ||    43
 Cast: Foxfire           |    23 |     9 |    40 |     2 ||    74
       Scorch            |     8 |    11 |    54 |     9 ||    82
       Flame Wave        |       |     4 |     4 |     5 ||    13
  Use: Scroll            |     3 |     1 |     7 |       ||    11
       Potion            |       |     2 |     2 |     2 ||     6
Armor: Robe              |     2 |     1 |    10 |       ||    13
Dodge: Dodged            |    13 |    11 |    69 |    16 ||   109
